 Dungeon Crawl Stone Soup version 0.31-a0-355-g57cb03d3e8 (webtiles) character file.

Game seed: 3391053209308303623

15 HallandMoats the Trooper (level 2, -3/24 HPs)
             Began as a Demonspawn Monk on July 24, 2023.
             Slain by a hobgoblin (4 damage)
             ... on level 1 of the Dungeon.
             The game lasted 00:00:50 (402 turns).

HallandMoats the Trooper (Demonspawn Monk)           Turns: 402, Time: 00:00:51

Health: -3/24      AC:  2    Str: 11    XL:     2   Next: 34%
Magic:  3/3        EV: 12    Int: 11    God:
Gold:   23         SH:  0    Dex: 15    Spells: 1/1 levels left

rFire   . . .        a - +0 mace
rCold   . . .        d - orb {light}
rNeg    . . .        b - +0 robe
rPois   .            (no helmet)
rElec   .            (no cloak)
rCorr   .            (no gloves)
SInv    .            (no boots)
Will    .....        (no amulet)
Stlth   +            (no ring)
HPRegen 0.24/turn    (no ring)
MPRegen 0.08/turn

%: no passive effects
@: glowing
A: powered by pain 1
a: no special abilities


You were on level 1 of the Dungeon.
You visited 1 branch of the dungeon, and saw 1 of its levels.

You collected 23 gold pieces.

Inventory:

Hand Weapons
 a - a +0 mace (weapon)
Armour
 b - a +0 robe (worn)
 d - an orb of light (worn)
Potions
 c - a potion of ambrosia
 e - a potion of curing {unknown}


   Skills:
 + Level 3.4 Fighting
 - Level 2.6 Maces & Flails
 - Level 2.6 Dodging
 + Level 1.9 Invocations


You had one spell level left.
You didn't know any spells.
Your spell library was empty.

Dungeon Overview and Level Annotations

Branches:
Dungeon (1/15)

Altars:


Innate Abilities, Weirdness & Mutations

You sometimes gain a little power by taking damage.


Message History

The hobgoblin hits you. The hobgoblin misses you. The hobgoblin hits you.
* * * LOW HITPOINT WARNING * * *
The hobgoblin closely misses you. The hobgoblin hits you.
* * * LOW HITPOINT WARNING * * *
The hobgoblin hits you.
* * * LOW HITPOINT WARNING * * *
The hobgoblin hits you but does no damage.
The hobgoblin closely misses you.
The hobgoblin hits you but does no damage.
The hobgoblin closely misses you. The hobgoblin misses you.
The hobgoblin closely misses you. The hobgoblin barely misses you.
The hobgoblin closely misses you. The hobgoblin closely misses you.
The hobgoblin misses you. The hobgoblin barely misses you.
The hobgoblin hits you.
* * * LOW HITPOINT WARNING * * *
The hobgoblin barely misses you. The hobgoblin barely misses you.
The hobgoblin closely misses you.
The hobgoblin hits you but does no damage.
The hobgoblin barely misses you.
The hobgoblin hits you but does no damage.
The hobgoblin completely misses you. The hobgoblin misses you.
The hobgoblin hits you.
* * * LOW HITPOINT WARNING * * *
The hobgoblin hits you.
* * * LOW HITPOINT WARNING * * *
The hobgoblin closely misses you. The hobgoblin hits you.
* * * LOW HITPOINT WARNING * * *
The hobgoblin misses you. The hobgoblin hits you.
You die...

#......#####
#..........########
#...†......##.....###
#...(..........)...$
#..........##.....###
..##.......##.....#.#
#.#...###.###.......#
#...#.# #.# #...g...#
#####.# #.###...@.# #
#...#....#+#.##
#######....#...#...
#.......#............
#.......##############
##### #.......# ..#.#
........# #.#.#
#.......# #.#.#
#.......# #.#.#


You could see a hobgoblin.

Vanquished Creatures
  A dart slug (D:1)
  2 giant cockroaches (D:1)
  A goblin (D:1)
  A hobgoblin (D:1)
  3 ball pythons (D:1)
  3 bats (D:1)
  A frilled lizard (D:1)
  A kobold (D:1)
13 creatures vanquished.

Notes
Turn   | Place    | Note
-------+----------+-------------------------------------------
     0 | D:1      | HallandMoats the Demonspawn Monk began the quest for the
                  | Orb.
     0 | D:1      | Reached XP level 1. HP: 18/18 MP: 1/1
    75 | D:1      | Reached skill level 1 in Invocations
   131 | D:1      | Gained mutation: You sometimes gain a little power by
                  | taking damage. [demonic ancestry]
   131 | D:1      | Reached XP level 2. HP: 24/24 MP: 3/3
   400 | D:1      | HP: 1/24 [hobgoblin (3)]
   402 | D:1      | Slain by a hobgoblin

Illustrated notes

Levels and vault maps discovered:
D:1:      matt_arrival_spirals, layout_basic, minmay_heptomino_d4

Skill      XL: |  1 |
---------------+----+-----
Invocations    | 1 |  1.9
Fighting       | |  3.4
Maces & Flails | |  2.6
Dodging        | |  2.6

Action                     || total
---------------------------++-------
  Melee: Mace              ||    36
 Armour: Robe              ||    20
  Dodge: Dodged            ||    47

Table legend: (Time is in decaauts)
 A = Elapsed time spent in this place.
 B = Non-inter-level travel time spent in this place.
 C = Inter-level travel time spent in this place.
 D = Time resting spent in this place.
 E = Time spent auto-exploring this place.
 F = Levels seen in this place.
 G = Mean time per level.
                   A        B        C        D        E       F      G
               +--------+--------+--------+--------+--------+-----+--------+
         Total |    411 |    411 |      0 |      0 |    267 |   1 |  411.0 |
       Dungeon |    411 |    411 |      0 |      0 |    267 |   1 |  411.0 |
               +--------+--------+--------+--------+--------+-----+--------+

Top non-repeatable levels by time:
     D:1: 411 daAuts
